 Dungeon Crawl Stone Soup version 0.29.0-13-gc9e81de378 (webtiles) character file.

Game seed: 8191533594220193588

2508 sanka the Transmogrifier (level 9, -2/75 HPs)
             Began as a Purple Draconian Transmuter on Sept 8, 2022.
             Slain by a gnoll sergeant
             ... wielding a +1 trident of freezing
              (13 damage)
             ... on level 7 of the Dungeon.
             The game lasted 00:16:00 (7740 turns).

sanka the Transmogrifier (DrTm)                     Turns: 7740, Time: 00:16:00

Health: -2/75      AC:  7    Str: 12    XL:     9   Next: 28%
Magic:  15/15      EV: 14    Int: 17    God:
Gold:   1076       SH:  0    Dex: 13    Spells: 3/16 levels left

rFire   . . .      SeeInvis .   b - +6 demon whip (elec)
rCold   . . .      Faith    .   (no shield)
rNeg    . . .      Spirit   .   (body armour unavailable)
rPois   .          Reflect  .   (helmet currently unavailable)
rElec   .          Harm     .   s - scarf {repulsion}
rCorr   .          Rampage  .   (no gloves)
Will    +....                   (boots currently unavailable)
Stlth   +.........              (no amulet)
HPRegen 0.22/turn               (no ring)
MPRegen 0.14/turn               (no ring)

@: appendages, wereblooded, slowed, repel missiles, very slow
A: horns 2, talons 2, breathe power, AC +7, unfitting armour, cold-blooded
a: Breathe Dispelling Energy, End Transformation


You were on level 7 of the Dungeon.
You had temporarily grown beastly horns and talons.
You visited 1 branch of the dungeon, and saw 7 of its levels.

You collected 1276 gold pieces.
You spent 200 gold pieces at shops.


Innate Abilities, Weirdness & Mutations

You have temporarily grown beastly horns and talons.
You can breathe bolts of dispelling energy.
Your rich purple scales are hard. (AC +7)
You cannot fit into any form of body armour.
You are cold-blooded and may be slowed by cold attacks.


   Skills:
 - Level 6.0 Fighting
 - Level 6.0 Dodging
 - Level 4.7 Unarmed Combat
 - Level 4.0 Spellcasting
 * Level 8.5 Transmutations


You had 3 spell levels left.
You knew the following spells:

 Your Spells              Type           Power      Damage    Failure   Level
x - Spider Form           Tmut/Pois      17%        N/A       9%          3
y - Wereblood             Tmut           32%        N/A       1%          2
z - Beastly Appendage     Tmut           64%        N/A       1%          1
X - Dragon Form           Tmut           16%        N/A       99%         7

Your spell library contained the following spells:

 Spells                   Type           Power      Damage    Failure   Level
 Necrotise                Necr           12%        1d4       16%         1
 Poisonous Vapours        Pois/Air       6%         N/A       24%         2
 Static Discharge         Conj/Air       3%         3-4/arc   24%         2
 Inner Flame              Hex/Fire       3%         N/A       43%         3
 Ice Form                 Ice/Tmut       17%        N/A       26%         4
 Yara's Violent Unravell  Hex/Tmut       8%         3d5       58%         5
 Anguish                  Hex/Necr       1%         N/A       83%         4
 Cause Fear               Hex            1%         N/A       83%         4
 Corpse Rot               Necr/Pois/Air  3%         N/A       83%         4
 Dispel Undead            Necr           3%         3d7       83%         4
 Sticky Flame             Conj/Fire      3%         2d3       83%         4
 Discord                  Hex            1%         N/A       100%        8

Inventory:

Hand Weapons
 b - a +6 demon whip of electrocution (weapon)
 u - the +6 hammer "Keokh" {spect, Will++ Str+9 Int-2} When its wielder attacks, the weapon's spirit leaps out and strikes again. The spirit shares a part of any damage it takes with its wielder. Str: It affects your strength (+9). Int: It affects your intelligence (-2). Will: It greatly increases your willpower.
Armour
 s - a scarf of repulsion (worn)
Wands
 v - a wand of roots (2)
 w - a wand of polymorph (8)
Scrolls
 d - 2 scrolls of poison {!r}
 f - 2 scrolls of immolation {!r}
 g - 4 scrolls of teleportation {@r4}
 l - 2 scrolls of blinking
 n - a scroll of fear
 r - a scroll of magic mapping {unknown}
 t - a scroll of vulnerability {unknown}
Potions
 a - 2 potions of lignification {!q}
 c - 2 potions of mutation {!q}
 e - 5 potions of curing {@q1}
 h - 3 potions of heal wounds {unknown}
 i - a potion of resistance {unknown}
 j - a potion of berserk rage {unknown}
 k - a potion of magic {unknown}
 m - a potion of cancellation {unknown}
 o - a potion of flight {unknown}
 p - a potion of brilliance {unknown}
 q - 2 potions of haste {unknown}

Dungeon Overview and Level Annotations

Branches:
Dungeon (7/15)
 Temple: D:4-7

Altars:
Ashenzari
Cheibriados
Kikubaaqudgha
Sif Muna
Vehumet
Yredelemnul
Zin

Shops:
D:6 [

Annotations:
D:3 2 transporters, Rayvis's ghost, amateur DsGl
D:5 3 runed translucent doors, nmsoi's ghost, weakling HODe

▒▒ ▒ .▒▒ ▒ .!▒ ▒▒▒▒▒▒▒▒ ▒ ▒.▒
▒......▒ ▒▒▒▒ . ▒.▒
▒......▒▒▒▒▒▒...
▒...▒▒▒▒▒.▒▒▒▒......▒▒...▒.▒▒
.....ggg.gg.d........'...'...
▒▒.▒▒▒▒▒▒..▒▒▒......▒▒...▒.▒▒
▒▒..▒▒......▒▒...▒.▒▒
▒▒..▒▒▒▒...▒▒▒▒▒▒.▒. ...▒
▒.▒.▒ ▒.▒. ...▒ .....▒ ▒...
......▒.▒.▒ ▒▒▒▒ ....▒▒ .▒..


You could see a gnoll sergeant and 4 gnolls.


Message History

The gnoll sergeant freezes you.
You barely miss the gnoll sergeant.
The gnoll shouts!
Your kick misses the gnoll sergeant. You tail-slap the gnoll sergeant.
The gnoll sergeant is moderately wounded.
A hound comes into view.
The gnoll sergeant hits you with a +1 trident of freezing!
* * * LOW HITPOINT WARNING * * *
You feel as though you will be slow longer.
The gnoll sergeant freezes you.
* * * LOW HITPOINT WARNING * * *
The gnoll sergeant hits you from afar with a +1 trident of freezing.
* * * LOW HITPOINT WARNING * * *
You feel as though you will be slow longer.
The gnoll sergeant freezes you.
* * * LOW HITPOINT WARNING * * *
The gnoll sergeant hits you from afar with a +1 trident of freezing.
* * * LOW HITPOINT WARNING * * *
You feel as though you will be slow longer.
The gnoll sergeant freezes you.
* * * LOW HITPOINT WARNING * * *
The gnoll sergeant hits you from afar with a +1 trident of freezing.
* * * LOW HITPOINT WARNING * * *
You feel as though you will be slow longer.
The gnoll sergeant freezes you.
* * * LOW HITPOINT WARNING * * *
You see here a throwing net {=f}.
The gnoll sergeant hits you from afar with a +1 trident of freezing!
You die...

Action                   |  1- 3 |  4- 6 |  7- 9 || total
-------------------------+-------+-------+-------++-------
Melee: Unarmed           |   125 |    67 |       ||   192
       Kick              |    18 |    18 |    10 ||    46
       Tailslap          |    10 |     8 |    20 ||    38
       Headbutt          |    10 |     5 |     6 ||    21
       Punch             |     2 |     1 |     7 ||    10
       Demon whip        |       |    12 |   135 ||   147
 Cast: Beastly Appendage |    24 |    13 |    12 ||    49
       Wereblood         |     2 |     6 |     8 ||    16
 Abil: Breathe Dispellin |       |       |    17 ||    17
  Use: Scroll            |       |     7 |     3 ||    10
       Potion            |       |     1 |       ||     1
 Stab: Sleeping          |       |       |     2 ||     2
Armor: Skin              |    52 |    19 |    21 ||    92
Dodge: Dodged            |    77 |    44 |    69 ||   190
       Repelled          |       |       |     1 ||     1

Levels and vault maps discovered:
D:1:      lemuel_arrival_behind_the_door_small, layout_loops_ring,
          shapermc_ecumenical_altar_notcrosses
D:2:      layout_basic
D:3:      layout_basic, gammafunk_ghost_arena, chequers_big_river,
          minmay_misc_feat_room
D:4:      layout_cave_pools, roderic_serpentine_path, nicolae_hexahallways,
          uniq_pikel
D:5:      layout_loops_ring, minitemple, ebering_ghost_rock_garden,
          kennysheep_pointless_box
D:6:      layout_layer_cave, serial_shops, shop, uniq_crazy_yiuf_cottage,
          uniq_edmund
D:7:      layout_basic, nicolae_wu_jian_immortal_techniques,
          worldfamousw_hep_ancestral_shrine, minmay_temple_entry_slanted,
          serial_shops, kennysheep_mini_moat, uniq_menkaure

Notes
Turn   | Place    | Note
-------+----------+-------------------------------------------
     0 | D:1      | sanka the Draconian Transmuter began the quest for the Orb.
     0 | D:1      | Reached XP level 1. HP: 16/16 MP: 3/3
   221 | D:1      | Reached XP level 2. HP: 23/23 MP: 3/5
   705 | D:1      | Got the Monograph on Grisly Evolution
   761 | D:1      | Learned a level 2 spell: Wereblood
   984 | D:1      | Reached XP level 3. HP: 26/28 MP: 4/6
  1224 | D:1      | Found a faded altar of an unknown god.
  1315 | D:1      | Reached skill level 3 in Transmutations
  1531 | D:2      | Learned a level 3 spell: Spider Form
  1855 | D:2      | Reached skill level 4 in Unarmed Combat
  2039 | D:2      | Reached XP level 4. HP: 24/35 MP: 7/7
  2833 | D:3      | Reached skill level 4 in Transmutations
  2833 | D:3      | Reached XP level 5. HP: 33/40 MP: 6/8
  2894 | D:3      | Found a transporter.
  2899 | D:3      | Found a transporter.
  2911 | D:3      | Noticed Rayvis's ghost (amateur DsGl)
  3493 | D:4      | Noticed a lemure
  3493 | D:4      | Noticed a lemure
  3493 | D:4      | Noticed a lemure
  3493 | D:4      | Noticed Pikel
  3689 | D:4      | Identified a scroll of acquirement
  3692 | D:4      | Acquired a +6 demon whip of electrocution
  3730 | D:4      | Killed Pikel
  3731 | D:4      | Reached skill level 3 in Fighting
  3731 | D:4      | Reached skill level 3 in Dodging
  3731 | D:4      | Reached skill level 5 in Transmutations
  3731 | D:4      | Reached XP level 6. HP: 20/51 MP: 9/9
  3731 | D:4      | Your scales start taking on a rich purple colour.
  3731 | D:4      | Reached XP level 7. HP: 22/57 MP: 10/10
  4762 | D:5      | Entered Level 5 of the Dungeon
  4781 | D:5      | Reached skill level 4 in Fighting
  4931 | D:5      | Reached skill level 4 in Dodging
  5011 | D:5      | Found a runed translucent gate.
  5012 | D:5      | Found a runed translucent gate.
  5013 | D:5      | Found a runed translucent gate.
  5016 | D:5      | Noticed nmsoi's ghost (weakling HODe)
  5090 | D:5      | Reached skill level 5 in Fighting
  5090 | D:5      | Reached XP level 8. HP: 68/68 MP: 8/11
  5165 | D:5      | Acquired 908 gold pieces
  5294 | D:5      | Found a basalt altar of Yredelemnul.
  5297 | D:5      | Found a glowing silver altar of Zin.
  5298 | D:5      | Found an ancient bone altar of Kikubaaqudgha.
  5298 | D:5      | Found a radiant altar of Vehumet.
  5298 | D:5      | Found a snail-covered altar of Cheibriados.
  5300 | D:5      | Found a broken altar of Ashenzari.
  5302 | D:5      | Found a shimmering blue altar of Sif Muna.
  5471 | D:6      | Noticed Edmund
  5496 | D:6      | Found Vijidoy's Antique Armour Shop.
  5526 | D:6      | Bought a glowing scarf for 200 gold pieces
  5561 | D:6      | Reached skill level 5 in Dodging
  6115 | D:6      | Killed Edmund
  6116 | D:6      | Reached skill level 6 in Fighting
  6376 | D:6      | Reached skill level 6 in Dodging
  6426 | D:6      | Reached skill level 3 in Spellcasting
  6426 | D:6      | Reached skill level 6 in Transmutations
  6438 | D:6      | Reached skill level 7 in Transmutations
  6442 | D:6      | Reached skill level 4 in Spellcasting
  6442 | D:6      | Reached XP level 9. HP: 35/75 MP: 11/15
  6749 | D:6      | Learned a level 7 spell: Dragon Form
  6843 | D:6      | Reached skill level 8 in Transmutations
  7072 | D:6      | Found a runed translucent door.
  7073 | D:6      | Noticed Crazy Yiuf
  7456 | D:6      | Killed Crazy Yiuf
  7460 | D:6      | Identified the +6 hammer "Keokh" {spect, Will++ Str+9
                  | Int-2}
  7740 | D:7      | Slain by a gnoll sergeant

Vanquished Creatures
  Pikel (D:4)
  5 yaks (D:6)
  Edmund (D:6)
  A black bear (D:5)
  2 ogres
  A phantom (D:5)
  2 bullfrogs (D:6)
  2 necrophages
  3 scorpions
  A howler monkey (D:5)
  An orc priest (D:3)
  A hound (D:4)
  A jelly (D:6)
  Crazy Yiuf (D:6)
  2 iguanas (D:6)
  3 orc wizards
  4 gnolls
  4 adders
  A shadow imp (D:5)
  2 white imps
  A worm (D:4)
  2 dart slugs (D:1)
  18 orcs
  5 bats
  An endoplasm (D:1)
  2 giant cockroaches
  4 goblins (D:1)
  8 hobgoblins
  14 jackals
  5 kobolds
  2 quokkas (D:2)
  5 ball pythons
  4 frilled lizards
  5 rats
115 creatures vanquished.

Vanquished Creatures (others)
  3 plants (D:3)
3 creatures vanquished.

Grand Total: 118 creatures vanquished
